 Dungeon Crawl Stone Soup version 0.22-a0-305-gd21a89c (webtiles) character file.

85 galech the Ruffian (level 4, 44/44 HPs)
             Began as a Troll Monk on Mar 30, 2018.
             Quit the game on level 2 of the Dungeon.
             The game lasted 00:02:40 (801 turns).

galech the Ruffian (Troll Monk)                      Turns: 801, Time: 00:02:40

Health: 44/44      AC:  5    Str: 19    XL:     4   Next: 25%
Magic:  3/3        EV: 15    Int:  6    God:
Gold:   44         SH:  0    Dex: 13    Spells: 3/3 levels left

rFire    . . .     SeeInvis .     - Unarmed
rCold    . . .     Gourm    +   (no shield)
rNeg     . . .     Faith    .   a - +0 robe
rPois    .         Spirit   .   (helmet restricted)
rElec    .         Reflect  .   (no cloak)
rCorr    .         Harm     .   (gloves unavailable)
MR       .....                  (boots unavailable)
Stlth    ++........             (no amulet)
HPRegen  0.54/turn              j - ring of flight (curse)
MPRegen  0.08/turn              g - +4 ring of evasion

@: no status effects
A: large, unfitting armour, claws 3, fast metabolism 3, gourmand, regeneration
1, shaggy fur 1, tough skin 2
a: Evoke Flight


You were on level 2 of the Dungeon.
You were completely stuffed.

You visited 1 branch of the dungeon, and saw 2 of its levels.

You collected 44 gold pieces.

Inventory:

Armour
 a - a +0 robe (worn)
Jewellery
 g - a +4 ring of evasion (right claw)
 j - a cursed ring of flight (left claw)
Scrolls
 c - a scroll of enchant weapon {unknown}
 d - a scroll of enchant armour {unknown}
 e - a scroll of remove curse {unknown}
 f - a scroll of teleportation {unknown}
 h - a scroll of immolation {unknown}
Potions
 i - a potion of haste {unknown}
Comestibles
 b - 3 rations
 k - 6 chunks of flesh


   Skills:
 + Level 2.7 Fighting
 + Level 2.9 Dodging
 + Level 1.3 Stealth
 + Level 4.2 Unarmed Combat


You had 3 spell levels left.
You didn't know any spells.

Dungeon Overview and Level Annotations

Branches:
Dungeon (2/15)

Altars:
Ru


Innate Abilities, Weirdness & Mutations

You are too large for most types of armour.
You have claws for hands.
Your metabolism is lightning-fast.
You like to eat raw meat.
Your natural rate of healing is unusually fast.
You are covered in fur. (AC +1)
You have very tough skin. (AC +2)


Message History

The hobgoblin is heavily wounded.
The hobgoblin completely misses you.
You scratch the hobgoblin.
You kill the hobgoblin!
No target in view!
No target in view!
No target in view!
No target in view!
No target in view!
No target in view!
No target in view!
No target in view!
No target in view!
No target in view!
No target in view!
No target in view!
No target in view!
No target in view!
Unknown command.
Are you sure you want to abandon this character and quit the game? (Confirm with "yes".)

.........#.#...
!..#......#(..#...
.######..........(......
...........#........#...
#........#####......#...
#........#.......#.....#
#..........#####<#......
#.....)...#..........##.
#...?..@..#.)........##.
#######...#..........#..
#########....##............#
#......##.##.#####...#######
#######.#.......###.### ##
#.........#...#
#.##........###
#.##......### #.##......#


There were no monsters in sight!

Vanquished Creatures
  An orc wizard (D:2)
  An ooze (D:2)
  4 bats (D:1)
  A giant cockroach (D:2)
  3 goblins
  6 hobgoblins (D:2)
  8 jackals (D:1)
  A quokka (D:2)
  5 frilled lizards
  10 kobolds
  9 rats
49 creatures vanquished.

Notes
Turn   | Place    | Note
-------+----------+-------------------------------------------
     0 | D:1      | galech the Troll Monk began the quest for the Orb.
     0 | D:1      | Reached XP level 1. HP: 22/22 MP: 0/0
   122 | D:1      | Reached XP level 2. HP: 29/29 MP: 1/1
   329 | D:1      | Reached XP level 3. HP: 36/36 MP: 2/2
   656 | D:2      | Found a sacrificial altar of Ru.
   664 | D:2      | Reached skill level 4 in Unarmed Combat
   664 | D:2      | Reached XP level 4. HP: 44/44 MP: 3/3
   801 | D:2      | Quit the game

Vault maps used:
D:1:      minmay_arrival_semitransparent, minmay_misc_feat_square,
          serial_bayou_pond_e
D:2:      nicolae_overflow_hidden_temple, nicolae_ru_great_annihilating_truth

Skill      XL: |  1  2  3 |
---------------+----------+-----
Unarmed Combat | 4 |  4.2
Fighting       | |  2.7
Dodging        | |  2.9
Stealth        | |  1.3

Action                   |  1- 3 |  4- 6 || total
-------------------------+-------+-------++-------
Melee: Unarmed           |    86 |    12 ||    98
       Punch             |     2 |       ||     2
 Stab: Sleeping          |     3 |     3 ||     6
       Paralysed         |       |     1 ||     1
  Eat: Chunk             |    12 |     1 ||    13
Armor: Robe              |    33 |     1 ||    34
Dodge: Dodged            |    42 |     6 ||    48

Table legend:
 A = Spawn XP
 B = Non-spawn XP
 C = Spawn XP percentage of total XP
 D = Spawn monster count
 E = Non-spawn monster count
 F = Spawn count percentage of total count
 G = Total turns spent on level
                    A         B        C        D         E        F      G
               +---------+---------+-------+---------+---------+-------+---------
         Total |       0 |     122 |   0.0 |       0 |      49 |   0.0 |   801
               +---------+---------+-------+---------+---------+-------+---------
           D:1 |       0 |      46 |   0.0 |       0 |      31 |   0.0 |   593
           D:2 |       0 |      76 |   0.0 |       0 |      18 |   0.0 |   208
               +---------+---------+-------+---------+---------+-------+---------
